 Dungeon Crawl Stone Soup version 0.24.0-41-g2ae2f7f1be (webtiles) character file.

Game seed: 1810359471815955634, levelgen mode: deterministic

56832 Iamsoldier the Blocker (level 14, -13/92 HPs)
             Began as a Gargoyle Fighter on Dec 9, 2019.
             Was the Champion of Okawaru.
             Killed by divine providence
             ... invoked by an orc priest
              (14 damage)
             ... on level 1 of the Orcish Mines.
             The game lasted 00:42:29 (16603 turns).

Iamsoldier the Blocker (Gargoyle Fighter)          Turns: 16603, Time: 00:42:30

Health: -13/92     AC: 34    Str: 30    XL:     14   Next: 83%
Magic:  27/29      EV: 11    Int: 14    God:    Okawaru [******]
Gold:   1024       SH: 20    Dex: 15    Spells: 13/21 levels left

rFire    . . .     SeeInvis .   g - +7 mace of Evolution {venom, Fragile +Rage rN+ MP+9}
rCold    + + .     Gourm    .   C - +5 shield of Integrity {MR+ Regen+ Int+2 Dex+2}
rNeg     + + .     Faith    .   B - +5 leather armour of Life {rC++ Str+6}
rPois    ∞         Spirit   .   i - +0 helmet
rElec    +         Reflect  .   v - +0 cloak
rCorr    .         Harm     .   G - +1 pair of gloves {Str+3}
MR       ++...                  m - +2 pair of boots
Stlth    +.........             (no amulet)
HPRegen  1.65/turn              Q - ring of Ashenzari's Approval {AC+5 Int+3}
MPRegen  0.21/turn              R - ring of Baupsof {rPois Slay+2}

@: flying, very slightly contaminated, regenerating (expiring)
A: big wings, negative energy resistance 1, electricity resistance, unbreathing,
petrification resistance, rot immunity, AC +10
a: Stop Flying, Heroism, Finesse, Renounce Religion, Evoke Berserk Rage


You were on level 1 of the Orcish Mines.
You worshipped Okawaru.
Okawaru was exalted by your worship.
You were not hungry.

You visited 3 branches of the dungeon, and saw 19 of its levels.

You collected 1121 gold pieces.
You spent 97 gold pieces at shops.

Inventory:

Hand Weapons
 a - a +4 morningstar
 g - the +7 mace of Evolution (weapon) {venom, Fragile +Rage rN+ MP+9}
   (You found it on level 4 of the Dungeon)

   It poisons the flesh of those it strikes.
   It protects you from negative energy.
   It affects your magic capacity (+9).
   It lets you go berserk.
   It will be destroyed if unequipped.
 D - the +1 demon whip "Hyunasch" {drain, *Slow Str+4}
   (Okawaru gifted it to you on level 3 of the Lair of Beasts)

   A truly terrible weapon, it drains the life of those it strikes.
   It affects your strength (+4).
   It may slow you when you take damage.
Armour
 i - a +0 helmet (worn)
 m - a +2 pair of boots (worn)
 v - a +0 cloak (worn)
 B - the +5 leather armour of Life (worn) {rC++ Str+6}
   (You found it on level 6 of the Dungeon)

   It affects your strength (+6).
   It greatly protects you from cold.
 C - the +5 shield of Integrity (worn) {MR+ Regen+ Int+2 Dex+2}
   (You acquired it on level 11 of the Dungeon)

   It affects your intelligence (+2).
   It affects your dexterity (+2).
   It affects your resistance to hostile enchantments.
   It increases your rate of regeneration.
 G - a +1 pair of gloves of strength (worn)
 H - a +0 plate armour
Jewellery
 p - a +5 ring of evasion
 A - an uncursed ring of see invisible
 Q - the ring of Ashenzari's Approval (left hand) {AC+5 Int+3}
   (You found it on level 6 of the Lair of Beasts)

   [ring of protection]

   It affects your AC (+5).
   It affects your intelligence (+3).
 R - the ring of Baupsof (right hand) {rPois Slay+2}
   (You found it on level 5 of the Lair of Beasts)

   [ring of poison resistance]

   It affects your accuracy and damage with ranged weapons and melee attacks
   (+2).
   It protects you from poison.
Wands
 b - a wand of acid (8)
 h - a wand of digging (11)
 I - a wand of enslavement (19)
 L - a wand of paralysis (13)
 M - a wand of iceblast (15)
Scrolls
 c - a scroll of magic mapping
 e - 6 scrolls of amnesia
 j - 6 scrolls of teleportation
 l - a scroll of summoning
 q - 7 scrolls of remove curse
 r - 2 scrolls of identify
 s - 3 scrolls of enchant weapon
 w - a scroll of blinking
 x - 2 scrolls of fear
 y - 4 scrolls of fog
 J - 5 scrolls of enchant armour
Potions
 f - 2 potions of might
 k - a potion of lignification
 n - 3 potions of cancellation
 t - 4 potions of agility
 z - a potion of brilliance
 F - a potion of flight
 P - a potion of berserk rage
 S - a potion of invisibility
Miscellaneous
 E - a box of beasts
Comestibles
 d - 38 rations


   Skills:
 + Level 12.9 Fighting
 - Level 12.0 Maces & Flails
 + Level 12.1 Armour
 + Level 14.7 Shields
 - Level 4.0 Spellcasting
 + Level 1.0 Hexes
 + Level 4.2 Charms
 + Level 0.6 Necromancy
 - Level 8.0 Invocations
 - Level 7.0 Evocations


You had 13 spell levels left.
You knew the following spells:

 Your Spells              Type           Power        Failure   Level  Hunger
a - Shroud of Golubria    Chrm/Tloc      #.....       14%         2    ##.....
b - Regeneration          Chrm/Necr      #.........   24%         3    ###....
c - Spectral Weapon       Hex/Chrm       ##......     22%         3    ###....

Your spell library contained the following spells:

 Spells                   Type           Power        Failure   Level  Hunger
 Infusion                 Chrm           ##..         3%          1    None
 Song of Slaying          Chrm           ##......     6%          2    ##.....
 Confusing Touch          Hex            #.....       14%         1    None
 Corona                   Hex            #......      14%         1    None
 Animate Skeleton         Necr           N/A          16%         1    None
 Pain                     Necr           #...         16%         1    None
 Magic Dart               Conj           #...         22%         1    None
 Slow                     Hex            #.......     22%         2    ##.....
 Ensorcelled Hibernation  Hex/Ice        #.....       26%         2    ##.....
 Blink                    Tloc           N/A          32%         2    ##.....
 Call Imp                 Summ           #.......     32%         2    ##.....
 Confuse                  Hex            #.......     38%         3    ###....
 Tukima's Dance           Hex            #.......     38%         3    ###....
 Vampiric Draining        Necr           #.........   43%         3    ###....
 Dazzling Spray           Conj/Hex       #.....       45%         3    ###....
 Conjure Flame            Conj/Fire      #.......     54%         3    ###....
 Gell's Gravitas          Tloc           #.........   54%         3    ###....
 Mephitic Cloud           Conj/Pois/Air  #.......     54%         3    ###....
 Animate Dead             Necr           N/A          85%         4    ####...
 Petrify                  Tmut/Erth      #.......     91%         4    ####...
 Metabolic Englaciation   Hex/Ice        #.........   99%         5    ######.
 Yara's Violent Unravell  Hex/Tmut       #.........   99%         5    ######.


Dungeon Overview and Level Annotations

Branches:
Dungeon (12/15)            Temple (0/1) D:7            Lair (6/6) D:9
 Shoals (0/4) Lair:4        Snake (0/4) Lair:4        Slime (0/5) Lair:6
    Orc (1/2) D:12

Altars:
Ashenzari
Cheibriados
Makhleb
Okawaru
Qazlal
Trog
Vehumet
Wu Jian
Yredelemnul
Zin
Beogh

Shops:
D:5 *   D:11 (

Annotations:
Lair:4 exclusion: oklob plant


Innate Abilities, Weirdness & Mutations

You are resistant to torment.
Your stone body is resilient. (AC +10)
You are immune to poison.
Your large and strong wings let you fly indefinitely.
You resist negative energy. (rN+)
You are resistant to electric shocks. (rElec)
You can survive without breathing.
You are immune to petrification.
You are immune to rotting.


Message History

The orc warrior hits you from afar with a +0 halberd!
* * * LOW HITPOINT WARNING * * *
You block the orc priest's attack.
You thump the orc priest!
The orc priest is almost dead.
Your skin is crawling a little less now.
You kill the orc priest!
Okawaru accepts your kill. You block the orc's attack.
The orc throws a boomerang.
You block the boomerang.
The weapon returns to the orc!
The orc priest looks braver for a moment.
The orc warrior hits you from afar with a +0 halberd!
* * * LOW HITPOINT WARNING * * *
You feel better.
The orc priest calls down the wrath of Beogh upon you.
Beogh smites you!
* * * LOW HITPOINT WARNING * * *
The orc priest mumbles some strange prayers to Beogh against you.
Beogh smites you!
You die...

## ### ##.###.##
##...#...#
#.....#..##
##..#...oo.#
#..$#.oo)@##
#....oo###
###$...o.##
#.........#
#.....##).##
#..#.##o#####
......oo.#..#.##
#......o)oo....#
.........#o.#..


You could see an orc warrior, 3 orc priests and 3 orcs.

Vanquished Creatures
  A dire elephant (Lair:5)
  The ghost of Ypehuijo the Spear-Bearer, a journeyman OpFi of Gozag (Lair:5)
  7 hydras
  Erica (D:8)
  3 two-headed ogres (D:12)
  6 death yaks
  An orc high priest (Orc:1)
  Pikel (D:4)
  A cyclops (D:11)
  3 ugly things
  A moth of wrath (Lair:5)
  A wolf spider (Lair:5)
  4 black mambas
  A merfolk siren (Lair:4)
  20 spiny frogs
  A gargoyle (D:11)
  4 kobold demonologists
  4 rime drakes
  6 komodo dragons
  A troll (D:10)
  A hornet (D:10)
  3 tyrant leeches (Lair:6)
  2 hippogriffs
  26 blink frogs
  A slime creature (Lair:6)
  15 dream sheep
  A spriggan (D:10)
  A meliai zombie (D:7)
  39 yaks
  Sigmund (D:4)
  A shadow (D:12)
  4 wyverns
  A wraith (D:11)
  Eustachio (D:5)
  A basilisk (Lair:2)
  6 vampire mosquitoes
  Duvessa (D:5)
  14 water moccasins
  An acid dragon (D:12)
  11 porcupines
  3 ice beasts
  A sky beast (D:8)
  14 orc warriors
  2 black bears (D:11)
  3 ogres
  10 wolves
  An eye of draining (D:12)
  5 phantoms
  2 necrophages
  2 centaurs
  11 crocodiles
  8 big kobolds
  A gnoll sergeant (D:9)
  22 bullfrogs
  Dowan (D:5)
  A water moccasin zombie (D:9)
  6 scorpions
  3 killer bees (D:6)
  2 electric eels (Lair:6)
  5 wights (D:11)
  8 crimson imps
  8 jellies
  A quasit (D:9)
  A bullfrog zombie (D:12)
  2 hounds
  Crazy Yiuf (D:4)
  11 orc priests
  18 orc wizards
  3 bullfrog skeletons
  A gnoll shaman (D:5)
  2 iguanas
  8 worker ants
  A hound zombie (D:6)
  A hound skeleton (D:9)
  16 gnolls
  A howler monkey skeleton (D:5)
  22 adders
  6 shadow imps
  An ooze (D:3)
  An adder skeleton (D:5)
  A worm (D:4)
  5 leopard geckos
  67 orcs
  6 giant cockroaches
  2 goblins (D:1)
  5 hobgoblins
  18 jackals
  33 kobolds
  5 quokkas
  5 ball pythons
  4 bats
  5 frilled lizards
  A leopard gecko skeleton (D:5)
  A quokka skeleton (D:4)
  12 rats
  A fungus (Lair:4)
586 creatures vanquished.

Vanquished Creatures (others)
  An orc (D:4)
  10 fungi
  31 plants
42 creatures vanquished.

Grand Total: 628 creatures vanquished

Notes
Turn   | Place    | Note
-------+----------+-------------------------------------------
     0 | D:1      | Iamsoldier the Gargoyle Fighter began the quest for the
                  | Orb.
     0 | D:1      | Reached XP level 1. HP: 14/14 MP: 1/1
   116 | D:1      | Reached XP level 2. HP: 19/19 MP: 2/2
   752 | D:2      | Reached XP level 3. HP: 19/24 MP: 3/3
  1301 | D:2      | Reached XP level 4. HP: 29/29 MP: 4/4
  1568 | D:3      | Found a glowing silver altar of Zin.
  2216 | D:4      | Noticed Pikel
  2217 | D:4      | Noticed a slave
  2236 | D:4      | Noticed a slave
  2244 | D:4      | Noticed a slave
  2247 | D:4      | Noticed a slave
  2261 | D:4      | Killed Pikel
  2261 | D:4      | Reached skill level 5 in Fighting
  2261 | D:4      | Reached skill level 4 in Shields
  2261 | D:4      | Reached XP level 5. HP: 29/36 MP: 5/5
  2261 | D:4      | Reached XP level 6. HP: 33/41 MP: 6/6
  2261 | D:4      | Reached XP level 7. HP: 36/45 MP: 7/7
  2515 | D:4      | Reached skill level 5 in Maces & Flails
  2545 | D:4      | Noticed a moth of wrath
  2548 | D:4      | Found a bloodstained altar of Trog.
  2651 | D:4      | Reached skill level 5 in Armour
  2651 | D:4      | Reached skill level 5 in Shields
  3023 | D:4      | Found a runed translucent door.
  3024 | D:4      | Noticed Crazy Yiuf
  3027 | D:4      | Got a fine mace
  3027 | D:4      | Identified the +7 mace of Evolution {venom, Fragile +Rage
                  | rN+ MP+9} (You found it on level 4 of the Dungeon)
  3035 | D:4      | Killed Crazy Yiuf
  3035 | D:4      | Reached XP level 8. HP: 52/52 MP: 8/8
  3069 | D:4      | Noticed Sigmund
  3075 | D:4      | Killed Sigmund
  3187 | D:5      | Entered Level 5 of the Dungeon
  3263 | D:5      | Found an ornate altar of the Wu Jian Council.
  3266 | D:5      | Noticed Eustachio
  3285 | D:5      | Killed Eustachio
  3516 | D:5      | Found Quic's General Store.
  3525 | D:5      | Bought a scroll of enchant weapon for 97 gold pieces
  3624 | D:5      | Noticed Duvessa
  3624 | D:5      | Noticed Dowan
  3642 | D:5      | Killed Duvessa
  3659 | D:5      | Reached skill level 1 in Evocations
  3659 | D:5      | Reached XP level 9. HP: 47/57 MP: 9/9
  3740 | D:5      | Killed Dowan
  3740 | D:5      | Reached skill level 6 in Shields
  4034 | D:6      | Identified the +5 leather armour of Life {rC++ Str+6} (You
                  | found it on level 6 of the Dungeon)
  4295 | D:6      | Found a basalt altar of Yredelemnul.
  4507 | D:6      | Found an iron altar of Okawaru.
  4605 | D:6      | Became a worshipper of Warmaster Okawaru
  4824 | D:7      | Found a staircase to the Ecumenical Temple.
  5051 | D:7      | Reached skill level 7 in Shields
  5180 | D:7      | Reached XP level 10. HP: 57/65 MP: 12/12
  5292 | D:7      | Found a shattered altar of Ashenzari.
  5604 | D:8      | Found a stormy altar of Qazlal.
  5924 | D:8      | Noticed Erica
  5935 | D:8      | Killed Erica
  5935 | D:8      | Reached * piety under Okawaru
  6167 | D:9      | Found a radiant altar of Vehumet.
  6174 | D:9      | Found a snail-covered altar of Cheibriados.
  6179 | D:9      | Found a burning altar of Makhleb.
  6379 | D:9      | Reached ** piety under Okawaru
  6388 | D:9      | Reached skill level 8 in Shields
  7005 | D:9      | Found a staircase to the Lair.
  7246 | D:10     | Entered Level 10 of the Dungeon
  7298 | D:10     | Reached *** piety under Okawaru
  7307 | D:10     | Reached skill level 9 in Shields
  7307 | D:10     | Reached XP level 11. HP: 56/71 MP: 14/14
  7569 | D:10     | Reached skill level 10 in Maces & Flails
  7824 | D:10     | Reached skill level 1 in Invocations
  8069 | D:10     | Reached **** piety under Okawaru
  8202 | D:10     | Reached skill level 5 in Evocations
  8772 | D:11     | Identified a scroll of acquirement
  8775 | D:11     | Got a faintly humming shield
  8785 | D:11     | Identified the +5 shield of Integrity {MR+ Regen+ Int+2
                  | Dex+2} (You acquired it on level 11 of the Dungeon)
  9038 | D:11     | Reached skill level 10 in Shields
  9066 | D:11     | Noticed a cyan ugly thing
  9086 | D:11     | Killed a cyan ugly thing
  9086 | D:11     | Reached ***** piety under Okawaru
  9243 | D:11     | Found Ruaqeifula's Antique Weapon Emporium.
  9375 | D:11     | Noticed a cyclops
  9383 | D:11     | Killed a cyclops
  9383 | D:11     | Reached skill level 10 in Fighting
  9672 | Lair:1   | Entered Level 1 of the Lair of Beasts
  9681 | Lair:1   | Received a gift from Okawaru
  9730 | Lair:1   | You fall into a shaft and drop 1 floor!
  9955 | Lair:1   | Reached XP level 12. HP: 77/77 MP: 16/16
 10539 | Lair:2   | Reached skill level 11 in Shields
 10674 | Lair:2   | Noticed an eight-headed hydra
 10695 | Lair:2   | Killed an eight-headed hydra
 11392 | Lair:3   | Reached skill level 5 in Invocations
 11403 | Lair:3   | Received a gift from Okawaru
 11408 | Lair:3   | Identified the +1 demon whip "Hyunasch" {drain, *Slow
                  | Str+4} (Okawaru gifted it to you on level 3 of the Lair of
                  | Beasts)
 12117 | Lair:4   | Reached skill level 12 in Shields
 12152 | Lair:4   | Noticed an eight-headed hydra
 12163 | Lair:4   | Killed an eight-headed hydra
 12163 | Lair:4   | Reached skill level 10 in Armour
 12359 | Lair:4   | Found a staircase to the Snake Pit.
 12380 | Lair:4   | Found a staircase to the Shoals.
 13093 | Lair:5   | Reached XP level 13. HP: 84/84 MP: 18/18
 13214 | Lair:5   | Found a transporter.
 13220 | Lair:5   | Noticed Ypehuijo's ghost (journeyman OpFi)
 13253 | Lair:5   | Noticed a dire elephant
 13280 | Lair:5   | Found a transporter.
 13335 | Lair:5   | Received a gift from Okawaru
 13876 | Lair:6   | Entered Level 6 of the Lair of Beasts
 13903 | Lair:6   | Reached skill level 13 in Shields
 14152 | Lair:6   | Learned a level 2 spell: Shroud of Golubria
 14216 | Lair:6   | Learned a level 3 spell: Regeneration
 14220 | Lair:6   | Learned a level 3 spell: Spectral Weapon
 14239 | Lair:6   | Reached ****** piety under Okawaru
 14265 | Lair:6   | Received a gift from Okawaru
 14270 | Lair:6   | Reached skill level 1 in Charms
 14277 | Lair:6   | Reached skill level 1 in Spellcasting
 14314 | Lair:6   | Gained mutation: Your large and strong wings let you fly
                  | indefinitely. [Gargoyle growth]
 14314 | Lair:6   | Reached XP level 14. HP: 76/92 MP: 20/20
 14364 | Lair:6   | Reached skill level 14 in Shields
 14377 | Lair:6   | Found a staircase to the Slime Pits.
 14530 | Lair:5   | Received a gift from Okawaru
 15227 | Lair:6   | Got an ancient pewter ring
 15235 | Lair:6   | Identified the ring of Ashenzari's Approval {AC+5 Int+3}
                  | (You found it on level 6 of the Lair of Beasts)
 15413 | Lair:5   | Killed a dire elephant
 15432 | Lair:5   | Killed Ypehuijo's ghost
 15459 | Lair:5   | Got a vibrating amber ring
 15476 | Lair:5   | Identified the ring of Baupsof {rPois Slay+2} (You found it
                  | on level 5 of the Lair of Beasts)
 15697 | D:12     | Found a staircase to the Orcish Mines.
 15705 | D:12     | Found a roughly hewn altar of Beogh.
 16081 | D:12     | Found a basalt altar of Yredelemnul.
 16422 | Orc:1    | Entered Level 1 of the Orcish Mines
 16579 | Orc:1    | Reached skill level 1 in Hexes
 16603 | Orc:1    | HP: 1/92 [orc priest/divine providence (17)]
 16603 | Orc:1    | Killed from afar by an orc priest

Levels and vault maps discovered:
D:1:      dpeg_arrival_three_same_balls, layout_loops_ring, st_stairs_5
D:2:      layout_rooms
D:3:      layout_loops_ring, overflow_temple_1_default, hangedman_feature_mirror
D:4:      layout_loops_ring, tgw_trog, uniq_sigmund, uniq_crazy_yiuf_cottage,
          uniq_pikel
D:5:      layout_basic, overflow_temple_1_default, serial_shops, shop,
          first_ration, uniq_duvessa, uniq_eustachio
D:6:      layout_rooms, old_standard_altar, chequers_serial_rivers_small_a,
          okawaru_metal_pillars_1_2
D:7:      layout_basic, lemuel_crystal_altar, minmay_temple_entry_large_hall,
          serial_glass, glass_columns_c, glass_columns_b, lemuel_another_geyser
D:8:      layout_basic, grunt_qazlal_clouds, uniq_erica
D:9:      layout_basic, minmay_overflow_temple_star_quad, dpeg_oklobed_lair
D:10:     layout_cave_pools, the_bakery, minmay_unpleasant_kobolds
D:11:     layout_basic, serial_shops, shop, serial_bayou_pond_a
D:12:     layout_cross, minmay_orc_entry_temple_small, basic_altar
Lair:1:   layout_misc_corridors
Lair:2:   layout_regular_city
Lair:3:   layout_hall_layers, lemuel_fruit_tree
Lair:4:   layout_gridlike, minmay_shoals_entry_lonely_mermaid,
          minmay_snake_entry_six_corridors
Lair:5:   layout_small_grid, gammafunk_ghost_berserking_beasts
Lair:6:   minmay_lair_end_frog_pond, layout_gridlike, minmay_slime_entry_pillars
Orc:1:    layout_caves

Skill      XL: |  1  2  3  4  5  6  7  8  9 10 11 12 13 14 |
---------------+-------------------------------------------+-----
Fighting       | 4 5 6 7 8 9 10 11 12 | 12.9
Maces & Flails | 4 5 6 8 9 10 11 12 | 12.0
Armour         | 4 5 6 8 9 10 11 12 | 12.1
Shields        | 4 5 7 9 10 12 13 14 | 14.7
Evocations     | 1 3 4 5 7 |  7.0
Invocations    | 3 5 8 |  8.0
Charms         | 1 4 |  4.2
Spellcasting   | 1 4 |  4.0
Hexes          | 1 |  1.0
Necromancy     | |  0.6

Action                   |  1- 3 |  4- 6 |  7- 9 | 10-12 | 13-15 || total
-------------------------+-------+-------+-------+-------+-------++-------
Melee: Flail             |   120 |       |       |       |       ||   120
       Whip              |     3 |    96 |    88 |       |       ||   187
       Mace              |       |       |   268 |   814 |   844 ||  1926
 Cast: Regeneration      |       |       |       |       |     4 ||     4
       Shroud of Golubri |       |       |       |       |     1 ||     1
Invok: Heroism           |       |       |       |     2 |    11 ||    13
       Finesse           |       |       |       |     1 |     3 ||     4
 Abil: Evoke Berserk Rag |       |       |       |     1 |     8 ||     9
       Fly               |       |       |       |       |     1 ||     1
  Use: Scroll            |       |       |     6 |    19 |     4 ||    29
       Potion            |       |       |       |     3 |     7 ||    10
 Stab: Sleeping          |       |       |     1 |     1 |       ||     2
  Eat: Chunk             |     2 |     2 |    11 |    21 |    16 ||    52
       Ration            |       |       |       |     2 |     1 ||     3
Armor: Scale mail        |    62 |    59 |   127 |       |       ||   248
       Leather armour    |       |       |    72 |   297 |   255 ||   624
Dodge: Dodged            |    51 |    24 |    95 |   340 |   403 ||   913
Block: Shield            |    69 |    38 |   181 |   685 |   980 ||  1953
